 Dungeon Crawl Stone Soup version 0.28-a0-1087-gf3fc490d9d (webtiles) character file.

Game seed: 2826477608586150338

119 fragbeetle the Insei (level 5, -2/38 HPs)
             Began as a Merfolk Transmuter on Dec 11, 2021.
             Slain by a worm (11 damage)
             ... on level 2 of the Dungeon.
             The game lasted 00:07:32 (3647 turns).

fragbeetle the Insei (Merfolk Transmuter)           Turns: 3647, Time: 00:07:33

Health: -2/38      AC:  2    Str: 12    XL:     5   Next: 3%
Magic:  8/8        EV: 13    Int: 12    God:
Gold:   37         SH:  0    Dex: 15    Spells: 5/9 levels left

rFire   . . .      SeeInvis .     - Unarmed
rCold   . . .      Faith    .   (no shield)
rNeg    . . .      Spirit   .   a - +0 robe
rPois   .          Reflect  .   (helmet currently unavailable)
rElec   .          Harm     .   (no cloak)
rCorr   .          Rampage  .   (no gloves)
Will    .....                   (boots currently unavailable)
Stlth   ++........              (no amulet)
HPRegen 0.12/turn               (no ring)
MPRegen 0.11/turn               (no ring)

@: appendages (expiring)
A: horns 2, (nimble swimmer 2), mertail
a: End Transformation


You were on level 2 of the Dungeon.
You had temporarily grown beastly horns.
You visited 1 branch of the dungeon, and saw 2 of its levels.

You collected 37 gold pieces.

Inventory:

Hand Weapons
 k - a +0 mace of draining
Armour
 a - a +0 robe (worn)
Jewellery
 i - an amulet of regeneration
Scrolls
 e - a scroll of fear {unknown}
 f - a scroll of identify {unknown}
 g - a scroll of magic mapping {unknown}
 j - a scroll of amnesia {unknown}
 l - a scroll of holy word {unknown}
 m - a scroll of silence {unknown}
Potions
 b - a potion of heal wounds {unknown}
 c - a potion of attraction {unknown}
 d - a potion of cancellation {unknown}
 h - a potion of invisibility {unknown}


   Skills:
 * Level 2.1 Fighting
 * Level 3.4 Dodging
 - Level 0.4 Stealth
 + Level 4.2 Unarmed Combat
 + Level 2.6 Spellcasting
 * Level 3.9 Transmutations


You had 5 spell levels left.
You knew the following spells:

 Your Spells              Type           Power      Damage    Failure   Level
a - Beastly Appendage     Tmut           22%        N/A       4%          1
b - Spider Form           Tmut/Pois      6%         N/A       34%         3

Your spell library contained the following spells:

 Spells                   Type           Power      Damage    Failure   Level
 Wereblood                Tmut           11%        N/A       8%          2
 Slow                     Hex            4%         N/A       26%         1
 Ensorcelled Hibernation  Hex/Ice        2%         N/A       36%         2
 Confusing Touch          Hex            1%         N/A       61%         3
 Tukima's Dance           Hex            1%         N/A       61%         3
 Vampiric Draining        Necr           1%         2d6       61%         3
 Ice Form                 Ice/Tmut       6%         N/A       75%         4
 Blade Hands              Tmut           5%         N/A       80%         5
 Irradiate                Conj/Tmut      3%         3d15      97%         5
 Dragon Form              Tmut           5%         N/A       100%        7


Dungeon Overview and Level Annotations

Branches:
Dungeon (2/15)

Altars:

Annotations:
D:2 1 runed translucent door, Crazy Yiuf


Innate Abilities, Weirdness & Mutations

You have temporarily grown beastly horns.
((You are quick and stealthy near water. (Stealth+, EV+, Speed+++)))
Your lower body shifts to a powerful aquatic tail in water.


Message History

Robin is heavily wounded.
Robin hits you with a +0 trident.
You closely miss Robin.
Robin is heavily wounded.
Robin hits you with a +0 trident.
You hit Robin but do no damage. Your headbutt misses Robin.
Robin is heavily wounded.
Robin closely misses you.
You hit Robin but do no damage.
Robin is heavily wounded.
You hit Robin but do no damage.
Robin is heavily wounded.
Robin closely misses you.
You barely miss Robin. You headbutt Robin, but do no damage.
Robin is heavily wounded.
Robin hits you with a +0 trident!
You hit Robin.
Robin is heavily wounded.
Robin hits you with a +0 trident.
You hit Robin.
Robin is almost dead.
Robin misses you.
You hit Robin but do no damage. You headbutt Robin.
Robin is almost dead.
Robin hits you with a +0 trident.
* * * LOW HITPOINT WARNING * * *
You barely miss Robin. You headbutt Robin.
You kill Robin!
You have reached level 5!
You feel agile.
You punch the worm!
The worm is heavily wounded.
Your transformation is almost over.
The worm barely misses you.
You hit the worm but do no damage. You headbutt the worm.
The worm is heavily wounded.
You barely miss the worm.
The worm is heavily wounded.
The worm bites you!
You die...

###### . #....# ...
#.....
.....############
#..#.#
......).w@......#
#..#.#
......########.##
###..#.# ..... #.#
#....#[# .... ##.#
#....#.# ... #..#
#....... .. ##.##
#.....## . #. #..#
#...### #.#####.####
#...# #####
#....<.....###...####


You could see a worm.

Vanquished Creatures
  Robin (D:2)
  2 adders (D:2)
  2 worms (D:2)
  A dart slug (D:2)
  8 bats
  5 endoplasms
  5 giant cockroaches
  16 goblins
  7 hobgoblins
  3 jackals (D:1)
  6 quokkas
  5 ball pythons
  3 frilled lizards
  5 kobolds
  4 rats
73 creatures vanquished.

Vanquished Creatures (others)
  A hobgoblin (D:2)
1 creature vanquished.

Grand Total: 74 creatures vanquished

Notes
Turn   | Place    | Note
-------+----------+-------------------------------------------
     0 | D:1      | fragbeetle the Merfolk Transmuter began the quest for the
                  | Orb.
     0 | D:1      | Reached XP level 1. HP: 15/15 MP: 3/3
   157 | D:1      | Reached XP level 2. HP: 9/21 MP: 3/5
   835 | D:1      | Reached XP level 3. HP: 23/26 MP: 3/6
  1328 | D:2      | Noticed Robin
  2711 | D:2      | Found a runed translucent door.
  2712 | D:2      | Noticed Crazy Yiuf
  2741 | D:2      | Reached XP level 4. HP: 15/33 MP: 7/7
  3150 | D:2      | Reached skill level 4 in Unarmed Combat
  3542 | D:2      | Learned a level 3 spell: Spider Form
  3644 | D:2      | Killed Robin
  3645 | D:2      | Reached XP level 5. HP: 9/38 MP: 8/8
  3647 | D:2      | Slain by a worm

Illustrated notes

Levels and vault maps discovered:
D:1:      heliophobic_arrival_battle_scene, layout_basic,
          nicolae_figureground_pulse
D:2:      minmay_razor_zed, layout_rooms, minmay_pentomino_o2, uniq_robin,
          uniq_crazy_yiuf_cottage

Skill      XL: |  1  2  3  4 |
---------------+-------------+-----
Transmutations | 3 |  3.9
Dodging        | 3 |  3.4
Unarmed Combat | 4 |  4.2
Fighting       | 2 |  2.1
Stealth        | |  0.4
Spellcasting   | |  2.6

Action                   |  1- 3 |  4- 6 || total
-------------------------+-------+-------++-------
Melee: Unarmed           |   128 |   104 ||   232
       Headbutt          |    15 |    20 ||    35
       Punch             |     2 |     1 ||     3
 Cast: Beastly Appendage |    25 |    13 ||    38
 Stab: Sleeping          |     2 |       ||     2
Armor: Robe              |    20 |    14 ||    34
Dodge: Dodged            |   101 |    61 ||   162

Table legend: (Time is in decaauts)
 A = Elapsed time spent in this place.
 B = Non-inter-level travel time spent in this place.
 C = Inter-level travel time spent in this place.
 D = Time resting spent in this place.
 E = Time spent auto-exploring this place.
 F = Levels seen in this place.
 G = Mean time per level.
                   A        B        C        D        E       F      G
               +--------+--------+--------+--------+--------+-----+--------+
         Total |   3635 |   3494 |    141 |   2034 |    776 |   2 | 1817.5 |
       Dungeon |   3635 |   3494 |    141 |   2034 |    776 |   2 | 1817.5 |
               +--------+--------+--------+--------+--------+-----+--------+

Top non-repeatable levels by time:
     D:1: 2458 daAuts
     D:2: 1177 daAuts
